 Dungeon Crawl Stone Soup version 0.29.0-4-gdea44cf6ec (webtiles) character file.

Game seed: 1455810713465790275

5931 qw the Grappler (level 10, -10/93 HPs)
             Began as a Troll Cinder Acolyte on Aug 31, 2022.
             Was a Priest of Ignis.
             Killed by divine providence
             ... invoked by an orc priest
              (13 damage)
             ... on level 9 of the Dungeon.
             The game lasted 00:03:36 (6737 turns).

qw the Grappler (Troll Cinder Acolyte)              Turns: 6737, Time: 00:03:37

Health: -10/93     AC: 16    Str: 28    XL:     10   Next: 54%
Magic:  10/10      EV:  8    Int: 10    God:    Ignis [***...]
Gold:   334        SH:  8    Dex:  5    Spells: 11/11 levels left

rFire   + . .      SeeInvis .     - Unarmed
rCold   . . .      Faith    .   k - +0 kite shield
rNeg    . . .      Spirit   .   h - +0 acid dragon scales
rPois   .          Reflect  .   (helmet restricted)
rElec   .          Harm     .   e - +0 cloak
rCorr   +          Rampage  .   (gloves unavailable)
Will    .....                   (boots unavailable)
Stlth   ..........              (no amulet)
HPRegen 1.05/turn               (no ring)
MPRegen 0.12/turn               (no ring)

@: fiery-armoured
A: large, unfitting armour, claws 3, regeneration 1, shaggy fur 1, tough skin 1
a: Renounce Religion, Fiery Armour, Foxfire Swarm, Rising Flame


You were on level 9 of the Dungeon.
You worshipped Ignis.
Ignis was most pleased with you.
You visited 1 branch of the dungeon, and saw 9 of its levels.

You collected 400 gold pieces.
You spent 66 gold pieces at shops.


Innate Abilities, Weirdness & Mutations

You are too large for most types of armour.
You have claws for hands.
Your natural rate of healing is unusually fast.
You are covered in fur. (AC +1)
You have tough skin. (AC +1)


   Skills:
 - Level 4.2 Fighting
 - Level 4.0 Throwing
 - Level 2.0 Armour
 - Level 1.1 Dodging
 + Level 8.9 Shields
 - Level 11.0 Unarmed Combat
 - Level 1.0 Spellcasting
 - Level 2.1 Fire Magic


You had 11 spell levels left.
You didn't know any spells.
Your spell library contained the following spells:

 Spells                   Type           Power      Damage    Failure   Level
 Scorch                   Fire           8%         2d5       45%         2

Inventory:

Missiles
 c - 14 boomerangs
 f - 3 silver boomerangs
 m - a large rock (quivered)
Armour
 e - a +0 cloak (worn)
 h - +0 acid dragon scales (worn)
 k - a +0 kite shield (worn)
Jewellery
 j - a ring of resist corrosion
Scrolls
 a - 5 scrolls of enchant weapon
 g - a scroll of identify
Potions
 b - a potion of might
 d - a potion of flight {unknown}
 i - a potion of attraction {unknown}
 o - a potion of mutation {unknown}

Dungeon Overview and Level Annotations

Branches:
Dungeon (9/15)             Temple (0/1) D:7
   Lair: D:8-11         Orc: D:9-12

Altars:
Cheibriados
Gozag
Nemelex Xobeh
Qazlal
Wu Jian
Yredelemnul

Shops:
D:4 [

Annotations:
D:2 1 runed translucent door, Crazy Yiuf


Message History

The orc wizard casts a spell at you.
The magic dart hits you but does no damage.
You closely miss the bullfrog.
The bullfrog is lightly wounded.
You block the bullfrog's attack. The yak gores you but does no damage.
The yak is burned by your cloak of flames.
The yak is lightly wounded.
The orc wizard casts a spell.
The orc wizard flickers and vanishes!
Deactivating autopickup; reactivate with Ctrl-A.
The orc priest shouts!
You claw the bullfrog!
The bullfrog is severely wounded.
The bullfrog hits you but does no damage.
The bullfrog is burned by your cloak of flames.
The bullfrog is almost dead.
You closely miss the bullfrog.
The bullfrog is almost dead.
The bullfrog hits you but does no damage.
The bullfrog is burned by your cloak of flames.
The bullfrog is almost dead.
The orc priest mumbles some strange prayers to Beogh against you.
Beogh smites you! You block the yak's attack.
The bullfrog hits you but does no damage.
The bullfrog is burned by your cloak of flames.
You kill the bullfrog!
You hear an angry buzzing noise.
Your Armour skill increases to level 2!
6736 ||| Stepping ~*~*~tactically~*~*~ (outnumbered).
The yak attacks as you move away! The yak barely misses you.
The yak attacks as you move away! The yak gores you but does no damage.
The yak is burned by your cloak of flames.
The yak is lightly wounded.
A killer bee comes into view.
6737 ||| Stepping ~*~*~tactically~*~*~ (outnumbered).
The wizard casts a spell at you.
The fireball explodes!
The fireball engulfs you! You resist.
The orc priest mumbles some strange prayers to Beogh against you.
Beogh smites you!
You die...

### ..## ..##
#..## #...#
#@..# #Y..#
##..Y#####
#.po{u...##
..y........<.#
##..........##
.....o.......#
.............##
............(.


You could see a cyan ugly thing, a wizard, 2 yaks and 2 orc priests.

Vanquished Creatures
  Amaemon (D:8)
  Pikel (D:6)
  Maurice (D:8)
  An orange demon (D:8)
  Maggie (D:6)
  Prince Ribbit (D:6)
  Grinder (D:6)
  Sigmund (D:6)
  A yak (D:8)
  2 steam dragons (D:8)
  A water moccasin (D:8)
  2 ice beasts
  A sky beast (D:6)
  3 centaurs
  4 lemures (D:6)
  A phantom (D:7)
  3 bullfrogs
  A necrophage (D:7)
  4 scorpions
  2 wyvern zombies (D:7)
  2 gnoll sergeants
  4 wights (D:6)
  13 killer bees (D:8)
  2 howler monkeys
  2 bullfrog zombies (D:7)
  2 centaur zombies (D:7)
  3 hounds
  A jelly (D:4)
  2 orc priests
  Natasha (thrice) (D:2)
  Terence (D:2)
  4 iguanas
  2 orc wizards
  A killer bee zombie (D:7)
  A howler monkey zombie (D:7)
  10 gnolls
  8 adders
  2 worms
  2 dart slugs (D:4)
  9 orcs
  4 bats
  12 endoplasms
  2 giant cockroaches
  9 goblins
  6 hobgoblins
  3 jackals (D:2)
  5 kobolds
  4 quokkas
  6 ball pythons
  4 frilled lizards
  4 rats
166 creatures vanquished.

Notes
Turn   | Place    | Note
-------+----------+-------------------------------------------
     0 | D:1      | qw the Troll Cinder Acolyte began the quest for the Orb.
     0 | D:1      | Reached XP level 1. HP: 22/22 MP: 1/1
     0 | D:1      | 0 ||| qw: Version: 0.1-a-97-g2dd2ca4
     0 | D:1      | 0 ||| qw: Game counter: 4509
     0 | D:1      | 0 ||| qw: Always use a shield: true
     0 | D:1      | 0 ||| qw: God list: Okawaru
     0 | D:1      | 0 ||| qw: Allow faded altars: false
     0 | D:1      | 0 ||| qw: Do Orc after D:15 true
     0 | D:1      | 0 ||| qw: Do second Lair branch before Depths: true
     0 | D:1      | 0 ||| qw: Lair rune preference: random
     0 | D:1      | 0 ||| qw: Plans: Normal
     0 | D:1      | 0 ||| PLANNING D:1-11
     4 | D:1      | 4 ||| Stepping ~*~*~tactically~*~*~ (stealth).
     5 | D:1      | 5 ||| Stepping ~*~*~tactically~*~*~ (stealth).
    51 | D:1      | 51 ||| Stepping ~*~*~tactically~*~*~ (stealth).
    71 | D:1      | Reached XP level 2. HP: 28/29 MP: 2/2
   170 | D:1      | 170 ||| Stepping ~*~*~tactically~*~*~ (stealth).
   285 | D:1      | Reached skill level 4 in Unarmed Combat
   332 | D:1      | Reached XP level 3. HP: 36/36 MP: 3/3
   493 | D:1      | 493 ||| UPGRADING to ring of resist corrosion.
   494 | D:1      | 494 ||| READING scroll labelled OSOLEODD RAGI.
   495 | D:1      | 495 ||| READING scroll labelled IPPAMA OKHA.
   590 | D:2      | Found a faded altar of an unknown god.
   645 | D:2      | Noticed Terence
   651 | D:2      | Killed Terence
   691 | D:2      | Reached XP level 4. HP: 44/44 MP: 4/4
   699 | D:2      | Reached skill level 5 in Unarmed Combat
   709 | D:2      | Noticed Natasha
   710 | D:2      | 710 ||| Stepping ~*~*~tactically~*~*~ (hiding).
   718 | D:2      | Killed Natasha
   839 | D:2      | 839 ||| Stepping ~*~*~tactically~*~*~ (hiding).
   842 | D:2      | 842 ||| Stepping ~*~*~tactically~*~*~ (hiding).
   949 | D:2      | Noticed Natasha
   950 | D:2      | 950 ||| Stepping ~*~*~tactically~*~*~ (hiding).
   952 | D:2      | 952 ||| Stepping ~*~*~tactically~*~*~ (hiding).
   956 | D:2      | Killed Natasha
   957 | D:2      | Reached XP level 5. HP: 43/50 MP: 5/5
   998 | D:2      | Found a runed translucent door.
   999 | D:2      | Noticed Crazy Yiuf
  1317 | D:2      | Noticed Natasha
  1319 | D:2      | Killed Natasha
  1320 | D:2      | Reached skill level 6 in Unarmed Combat
  1405 | D:2      | 1405 ||| READING scroll labelled ULUZ XOKIRI.
  1406 | D:2      | 1406 ||| DRINKING 3 murky coppery potions.
  1440 | D:3      | Found an opulent altar of Gozag.
  1481 | D:3      | 1481 ||| Stepping ~*~*~tactically~*~*~ (hiding).
  1486 | D:3      | 1486 ||| INVOKING Fiery Armour.
  1487 | D:3      | 1487 ||| Stepping ~*~*~tactically~*~*~ (outnumbered).
  1590 | D:3      | Found a snail-covered altar of Cheibriados.
  1857 | D:3      | Found a sparkling altar of Nemelex Xobeh.
  2012 | D:3      | 2012 ||| READING scroll labelled WUNNIAT AGIZA.
  2013 | D:3      | 2013 ||| DRINKING 2 fizzy golden potions.
  2014 | D:3      | 2014 ||| READING 2 scrolls of identify.
  2014 | D:3      | 2014 ||| IDENTIFYING cyan potion
  2101 | D:4      | 2101 ||| Stepping ~*~*~tactically~*~*~ (stealth).
  2103 | D:4      | 2103 ||| Stepping ~*~*~tactically~*~*~ (stealth).
  2116 | D:4      | Reached XP level 6. HP: 59/59 MP: 6/6
  2152 | D:4      | Identified the +1 ring mail of Indomitability {rC++ Str-2
                  | Int+5}
  2153 | D:4      | 2153 ||| Stepping ~*~*~tactically~*~*~ (stealth).
  2159 | D:4      | 2159 ||| Stepping ~*~*~tactically~*~*~ (stealth).
  2164 | D:4      | 2164 ||| Stepping ~*~*~tactically~*~*~ (stealth).
  2169 | D:4      | 2169 ||| Stepping ~*~*~tactically~*~*~ (stealth).
  2175 | D:4      | 2175 ||| Stepping ~*~*~tactically~*~*~ (stealth).
  2184 | D:4      | Reached skill level 7 in Unarmed Combat
  2223 | D:4      | 2223 ||| Stepping ~*~*~tactically~*~*~ (hiding).
  2405 | D:4      | Noticed an ice beast
  2417 | D:4      | Killed an ice beast
  2462 | D:4      | 2462 ||| Stepping ~*~*~tactically~*~*~ (stealth).
  2464 | D:4      | 2464 ||| Stepping ~*~*~tactically~*~*~ (hiding).
  2477 | D:4      | 2477 ||| Stepping ~*~*~tactically~*~*~ (stealth).
  2479 | D:4      | 2479 ||| Stepping ~*~*~tactically~*~*~ (stealth).
  2484 | D:4      | 2484 ||| Stepping ~*~*~tactically~*~*~ (outnumbered).
  2802 | D:4      | Found Dorageuh's Antique Armour Boutique.
  2805 | D:4      | 2805 ||| BUYING embroidered robe (66 gold).
  2805 | D:4      | Bought an embroidered robe for 66 gold pieces
  2805 | D:4      | 2805 ||| UPGRADING to +2 robe.
  2815 | D:4      | 2815 ||| DROPPING +0 robe.
  2816 | D:4      | 2816 ||| READING scroll labelled LEOVEUT UWNU.
  2820 | D:4      | 2820 ||| READING scroll labelled YSELAG ZALER.
  2821 | D:4      | 2821 ||| DRINKING 3 fuming orange potions.
  2822 | D:4      | 2822 ||| DROPPING 2 potions of brilliance.
  2846 | D:5      | Entered Level 5 of the Dungeon
  2852 | D:5      | Found a stormy altar of Qazlal.
  2860 | D:5      | Reached skill level 1 in Throwing
  2860 | D:5      | Reached XP level 7. HP: 66/66 MP: 7/7
  2874 | D:5      | 2874 ||| Stepping ~*~*~tactically~*~*~ (stealth).
  2876 | D:5      | 2876 ||| Stepping ~*~*~tactically~*~*~ (stealth).
  2878 | D:5      | 2878 ||| Stepping ~*~*~tactically~*~*~ (hiding).
  2955 | D:5      | Reached skill level 8 in Unarmed Combat
  3347 | D:5      | Reached skill level 3 in Fighting
  3452 | D:5      | 3452 ||| READING scroll labelled KEODIY CONK.
  3453 | D:5      | 3453 ||| READING scroll labelled RALENT VATYPS.
  3485 | D:5      | 3485 ||| READING scroll labelled ZOSSUTOLYE.
  3486 | D:5      | 3486 ||| READING scroll labelled QICARGHA HENA.
  3487 | D:5      | 3487 ||| READING scroll labelled QIRUUST NACIR.
  3488 | D:5      | 3488 ||| READING scroll labelled JUIKIO GEEHA.
  3489 | D:5      | 3489 ||| Stepping randomly (stuck).
  3490 | D:5      | 3490 ||| Stepping ~*~*~tactically~*~*~ (cloud).
  3552 | D:6      | Noticed Grinder
  3556 | D:6      | 3556 ||| FLEEEEING.
  3557 | D:6      | 3557 ||| FLEEEEING.
  3566 | D:6      | 3566 ||| FLEEEEING.
  3567 | D:6      | 3567 ||| FLEEEEING.
  3568 | D:6      | 3568 ||| FLEEEEING.
  3573 | D:6      | 3573 ||| FLEEEEING.
  3579 | D:6      | 3579 ||| STAIRDANCE
  3598 | D:6      | Killed Grinder
  3599 | D:6      | Reached skill level 3 in Throwing
  3634 | D:6      | Noticed Pikel
  3635 | D:6      | 3635 ||| Stepping ~*~*~tactically~*~*~ (stealth).
  3638 | D:6      | 3638 ||| Stepping ~*~*~tactically~*~*~ (stealth).
  3642 | D:6      | 3642 ||| Stepping ~*~*~tactically~*~*~ (outnumbered).
  3643 | D:6      | 3643 ||| Stepping ~*~*~tactically~*~*~ (outnumbered).
  3644 | D:6      | 3644 ||| Stepping ~*~*~tactically~*~*~ (outnumbered).
  3645 | D:6      | 3645 ||| Stepping ~*~*~tactically~*~*~ (stealth).
  3646 | D:6      | 3646 ||| Stepping ~*~*~tactically~*~*~ (stealth).
  3647 | D:6      | 3647 ||| Stepping ~*~*~tactically~*~*~ (outnumbered).
  3648 | D:6      | 3648 ||| INVOKING Fiery Armour.
  3649 | D:6      | 3649 ||| Stepping ~*~*~tactically~*~*~ (outnumbered).
  3650 | D:6      | 3650 ||| Stepping ~*~*~tactically~*~*~ (outnumbered).
  3651 | D:6      | 3651 ||| Stepping ~*~*~tactically~*~*~ (outnumbered).
  3652 | D:6      | 3652 ||| Stepping ~*~*~tactically~*~*~ (outnumbered).
  3661 | D:6      | Reached XP level 8. HP: 21/72 MP: 8/8
  3661 | D:6      | HP: 18/72 [wight/+0 halberd (4)]
  3662 | D:6      | 3662 ||| DRINKING potion of heal wounds.
  3668 | D:6      | 3668 ||| Stepping ~*~*~tactically~*~*~ (outnumbered).
  3732 | D:6      | 3732 ||| Stepping ~*~*~tactically~*~*~ (stealth).
  3764 | D:6      | 3764 ||| INVOKING Fiery Armour.
  3765 | D:6      | Killed Pikel
  3766 | D:6      | Reached skill level 10 in Unarmed Combat
  3813 | D:6      | Reached skill level 1 in Dodging
  3854 | D:6      | 3854 ||| Stepping ~*~*~tactically~*~*~ (outnumbered).
  3855 | D:6      | 3855 ||| Stepping ~*~*~tactically~*~*~ (outnumbered).
  3857 | D:6      | 3857 ||| Stepping ~*~*~tactically~*~*~ (outnumbered).
  3858 | D:6      | 3858 ||| Stepping ~*~*~tactically~*~*~ (outnumbered).
  3982 | D:6      | You fall into a shaft and drop 1 floor!
  4039 | D:7      | 4039 ||| UPGRADING to +0 kite shield.
  4044 | D:7      | 4044 ||| READING 3 scrolls of identify.
  4044 | D:7      | 4044 ||| IDENTIFYING yellow potion
  4045 | D:7      | 4045 ||| READING 2 scrolls of identify.
  4045 | D:7      | 4045 ||| IDENTIFYING fuming white potion
  4046 | D:7      | 4046 ||| DROPPING potion of berserk rage.
  4047 | D:7      | 4047 ||| DROPPING potion of degeneration.
  4056 | D:6      | Noticed Sigmund
  4057 | D:6      | 4057 ||| Stepping ~*~*~tactically~*~*~ (hiding).
  4059 | D:6      | 4059 ||| Stepping ~*~*~tactically~*~*~ (hiding).
  4070 | D:6      | 4070 ||| DRINKING 2 potions of curing.
  4070 | D:6      | 4070 ||| (to cure confusion)
  4075 | D:6      | Killed Sigmund
  4076 | D:6      | Reached skill level 1 in Shields
  4076 | D:6      | Reached XP level 9. HP: 79/84 MP: 9/9
  4148 | D:6      | Identified the +3 scale mail "Yxkiama" {rElec rN+ Str+5
                  | Dex-4}
  4161 | D:6      | Noticed Prince Ribbit
  4176 | D:6      | Killed Prince Ribbit
  4177 | D:6      | Reached skill level 3 in Shields
  4215 | D:6      | Noticed Maggie
  4216 | D:6      | 4216 ||| Stepping ~*~*~tactically~*~*~ (hiding).
  4220 | D:6      | 4220 ||| Stepping ~*~*~tactically~*~*~ (hiding).
  4232 | D:6      | Killed Maggie
  4504 | D:6      | 4504 ||| UPGRADING to +0 acid dragon scales.
  4514 | D:6      | 4514 ||| REMOVING ring of resist corrosion.
  4515 | D:6      | 4515 ||| DROPPING +2 robe.
  4516 | D:6      | 4516 ||| DROPPING potion of invisibility.
  4576 | D:7      | Found a staircase to the Ecumenical Temple.
  4590 | D:7      | 4590 ||| Stepping randomly (stuck).
  4591 | D:7      | 4591 ||| Stepping randomly (stuck).
  4625 | D:7      | Reached skill level 1 in Armour
  4913 | D:7      | Reached skill level 6 in Shields
  4913 | D:7      | 4913 ||| FLEEEEING.
  4923 | D:7      | Found a basalt altar of Yredelemnul.
  4928 | D:7      | 4928 ||| Stepping ~*~*~tactically~*~*~ (stealth).
  4929 | D:7      | 4929 ||| Stepping ~*~*~tactically~*~*~ (stealth).
  5182 | D:7      | 5182 ||| READING scroll labelled GULOPE ZOIR.
  5234 | D:8      | Found an ornate altar of the Wu Jian Council.
  5361 | D:8      | Noticed Maurice
  5363 | D:8      | 5363 ||| INVOKING Fiery Armour.
  5364 | D:8      | 5364 ||| Stepping ~*~*~tactically~*~*~ (hiding).
  5380 | D:8      | Reached XP level 10. HP: 33/93 MP: 10/10
  5382 | D:8      | HP: 22/93 [something (5)]
  5384 | D:8      | HP: 7/93 [something (6)]
  5389 | D:8      | HP: 7/93 [something (5)]
  5393 | D:8      | Killed Maurice
  5439 | D:8      | 5439 ||| Stepping ~*~*~tactically~*~*~ (stealth).
  5666 | D:8      | 5666 ||| INVOKING Fiery Armour.
  5670 | D:8      | HP: 22/93 [poisoned by a killer bee]
  5675 | D:8      | HP: 14/93 [poisoned by a killer bee]
  5786 | D:8      | 5786 ||| INVOKING Fiery Armour.
  5858 | D:8      | Noticed an orange demon
  5859 | D:8      | Noticed Amaemon
  5863 | D:8      | Killed an orange demon
  5864 | D:8      | Reached skill level 11 in Unarmed Combat
  5871 | D:8      | HP: 19/93 [poisoned by Amaemon]
  5872 | D:8      | Killed Amaemon
  5872 | D:8      | HP: 9/93 [poisoned by Amaemon]
  5873 | D:8      | 5873 ||| DRINKING 2 potions of curing.
  5873 | D:8      | 5873 ||| (to cure poison)
  5997 | D:8      | 5997 ||| INVOKING Fiery Armour.
  5998 | D:8      | HP: 21/93 [killer bee (5)]
  5999 | D:8      | HP: 7/93 [poisoned by a killer bee]
  6000 | D:8      | 6000 ||| DRINKING potion of curing.
  6000 | D:8      | 6000 ||| (to cure poison)
  6564 | D:8      | 6564 ||| UPGRADING to +0 cloak.
  6569 | D:8      | 6569 ||| READING scroll labelled XOISUJ ULID.
  6670 | D:8      | 6670 ||| READING scroll labelled VEKELA ILLEES.
  6705 | D:9      | Noticed a cyan ugly thing
  6706 | D:9      | 6706 ||| STAIRDANCE
  6728 | D:9      | 6728 ||| Stepping ~*~*~tactically~*~*~ (outnumbered).
  6729 | D:9      | 6729 ||| Stepping ~*~*~tactically~*~*~ (outnumbered).
  6729 | D:9      | HP: 22/93 [cyan ugly thing (17)]
  6730 | D:9      | 6730 ||| INVOKING Fiery Armour.
  6731 | D:9      | 6731 ||| Stepping ~*~*~tactically~*~*~ (outnumbered).
  6732 | D:9      | 6732 ||| Stepping ~*~*~tactically~*~*~ (outnumbered).
  6732 | D:9      | Noticed a wizard
  6735 | D:9      | HP: 13/93 [orc priest/divine providence (13)]
  6736 | D:9      | 6736 ||| Stepping ~*~*~tactically~*~*~ (outnumbered).
  6737 | D:9      | 6737 ||| Stepping ~*~*~tactically~*~*~ (outnumbered).
  6737 | D:9      | HP: 3/93 [wizard/fireball (12)]
  6737 | D:9      | Killed from afar by an orc priest

Levels and vault maps discovered:
D:1:      scummos_arrival_hexagon, layout_rooms, minmay_misc_feat_plants,
          corner_web_ring
D:2:      layout_loops_ring, chequers_ecumenical_altar_simple,
          uniq_crazy_yiuf_cottage, uniq_terence, uniq_natasha
D:3:      layout_loops_ring, nemelex_xobeh_ov_fountains_minmay,
          lemuel_crystal_altar, nicolae_gozag_seed_capital
D:4:      layout_basic, serial_shops, kennysheep_mini,
          chequers_decorated_corner, kennysheep_nondescript
D:5:      layout_loops_ring, grunt_qazlal_sundering
D:6:      layout_gridville, uniq_sigmund, uniq_grinder, uniq_prince_ribbit1,
          uniq_maggie, uniq_pikel
D:7:      layout_basic, nicolae_yredelemnul_corpse_copse,
          minmay_temple_entry_grid, nicolae_figureground_sparkle
D:8:      layout_layer_cave, kennysheep_mini_moat, uniq_amaemon, uniq_maurice
D:9:      layout_cave_pools, serial_shops, nicolae_shop_overgrown_old_shop,
          minmay_misc_feat_doors, minmay_checkerbox, uniq_gastronok

Skill      XL: |  1  2  3  4  5  6  7  8  9 10 |
---------------+-------------------------------+-----
Unarmed Combat | 4 5 6 7 8 10 11 | 11.0
Throwing       | 1 3 4 |  4.0
Fighting       | 3 4 |  4.2
Dodging        | 1 |  1.1
Shields        | 1 7 8 |  8.9
Armour         | 1 2 |  2.0
Spellcasting   | |  1.0
Fire Magic     | |  2.1

Action                   |  1- 3 |  4- 6 |  7- 9 | 10-12 || total
-------------------------+-------+-------+-------+-------++-------
Melee: Unarmed           |    96 |   130 |   193 |    67 ||   486
       Punch             |     1 |     6 |     1 |       ||     8
Throw: Large rock        |       |    10 |    35 |     6 ||    51
       Boomerang         |       |       |     5 |       ||     5
Invok: Fiery Armour      |       |     1 |     3 |     4 ||     8
  Use: Scroll            |     2 |     5 |     9 |     2 ||    18
       Potion            |       |     3 |     2 |     2 ||     7
Armor: Robe              |    24 |    37 |    37 |       ||    98
       Acid dragon scale |       |       |    29 |    63 ||    92
Dodge: Dodged            |    27 |    47 |    78 |    47 ||   199
Block: Kite shield       |       |       |    30 |    65 ||    95

Table legend:
 A = Non-vault XP
 B = Vault XP
 C = Vault XP percentage of total XP
 D = Non-vault monster count
 E = Vault monster count
 F = Vault count percentage of total count
                 A         B        C        D         E       F
            +---------+---------+-------+---------+---------+-------
      Total |    4485 |    3988 |  47.1 |     143 |      19 |  11.7
            +---------+---------+-------+---------+---------+-------
        D:1 |      50 |       0 |   0.0 |      24 |       0 |   0.0
        D:2 |     127 |      72 |  36.2 |      21 |       2 |   8.7
        D:3 |      93 |       0 |   0.0 |       8 |       0 |   0.0
        D:4 |     375 |       0 |   0.0 |      26 |       0 |   0.0
        D:5 |     352 |       0 |   0.0 |      13 |       0 |   0.0
        D:6 |     902 |    1801 |  66.6 |      17 |       5 |  22.7
        D:7 |     599 |     401 |  40.1 |       8 |       8 |  50.0
        D:8 |    1987 |    1618 |  44.9 |      26 |       3 |  10.3
        D:9 |       0 |      96 | 100.0 |       0 |       1 | 100.0
            +---------+---------+-------+---------+---------+-------
